[Event "Titled Tuesday Blitz February 21 Early 2023"]
[White "Arencibia Monduy, Antonio"]
[Black "Koridze, Lile"]
[WhiteFideId "3507939"]
[BlackFideId "13612514"]
[WhiteElo "2122"]
[BlackElo "2191"]
[Result "0-1"]
[Round "06"]
[TimeControl "180+2"]
[Date "2023.02.21"]
[WhiteClock "0:00:05"]
[BlackClock "0:00:06"]

1. e4 c5 2. Nf3 d6 3. Bc4 e6 4. O-O a6 5. a4 Nc6 6. c3 Nf6 7. d3 Be7 8. Bb3 O-O 9. Re1 Rb8 10. d4 cxd4 11. cxd4 d5 12. e5 Ne4 13. Nc3 Bb4 14. Bc2 f5 15. exf6 Nxf6 16. Bg5 Ne7 17. Qd3 Ng6 18. Ne5 Qe8 19. Qh3 Ne4 20. Bxe4 dxe4 21. Rxe4 Nxe5 22. dxe5 Bc5 23. Be3 Be7 24. Ba7 Ra8 25. Bb6 Qg6 26. Rae1 Bd7 27. Rg4 Qf5 28. Qg3 Rf7 29. Ne4 Bc6 30. Nd6 Bxd6 31. exd6 e5 32. Rg5 Qf6 33. Rgxe5 h6 34. Bc7 Raf8 35. f3 Bd7 36. h3 Bf5 37. b4 Bh7 38. Kh2 Bf5 39. b5 a5 40. b6 Bd7 41. R5e4 Bc6 42. Rd4 Qxd4 43. Re7 Qf6 44. Re1 Qf4 45. Qxf4 Rxf4 46. d7 Bxd7 47. Bxf4 Rxf4 48. Re7 Rf7 49. Re4 Bc6 50. Rd4 Rf5 51. Kg3 Rc5 52. Kf4 Kf7 53. g4 Rc2 54. Ke5 Ra2 55. f4 Rxa4 56. Rd1 Rb4 57. f5 Rxb6 58. h4 Rb4 59. g5 Re4+ 60. Kd6 Rxh4 61. g6+ Kf6 62. Kc7 Kxf5 63. Rd4 Rxd4 0-1


[Site "https://www.chess.com"]

[Event "Titled Tuesday Blitz February 21 Early 2023"]
[White "Gerbelli Neto, Eduardo"]
[Black "Ezat, Mohamed"]
[WhiteFideId "2103281"]
[BlackFideId "10600906"]
[WhiteElo "2114"]
[BlackElo "2402"]
[Result "0-1"]
[Round "06"]
[TimeControl "180+2"]
[Date "2023.02.21"]
[WhiteClock "0:00:11"]
[BlackClock "0:00:29"]

1. e4 c6 2. d4 d5 3. exd5 cxd5 4. c4 Nf6 5. Nc3 g6 6. cxd5 Bg7 7. Qb3 O-O 8. Be2 Nbd7 9. Bf3 Nb6 10. a4 a5 11. Nge2 Qd6 12. O-O Qb4 13. Qxb4 axb4 14. Nb5 Nfxd5 15. Nf4 Nxf4 16. Bxf4 Rxa4 17. b3 Rxa1 18. Rxa1 Be6 19. Ra7 Nd5 20. Bd2 Rb8 21. g3 h5 22. Kf1 h4 23. Ke2 h3 24. Kd3 Bf6 25. Bxd5 Bxd5 26. Bxb4 Bxb3 27. Nc3 Be6 28. f4 Rd8 29. Bc5 Rd7 30. Ne4 Bf5 31. Ke3 Bxe4 32. Kxe4 e6 33. g4 g5 34. f5 exf5+ 35. Kxf5 Kg7 36. Ke4 Kg6 37. Ra8 Rd8 38. Ra7 Re8+ 39. Kf3 Rb8 40. Bb6 Rc8 41. Ke4 Rc2 42. Rxb7 Rxh2 43. Bc7 Rc2 44. Be5 Bxe5 45. dxe5 h2 46. Rb1 Rg2 47. Rh1 Rxg4+ 48. Kf3 Rh4 49. Kg3 Kf5 0-1


[Site "https://www.chess.com"]

[Event "Titled Tuesday Blitz February 21 Early 2023"]
[White "Lucassen, Mickey"]
[Black "Khamdamova, Afruza"]
[WhiteFideId "12919110"]
[BlackFideId "14210444"]
[WhiteElo "2023"]
[BlackElo "2162"]
[Result "0-1"]
[Round "06"]
[TimeControl "180+2"]
[Date "2023.02.21"]
[WhiteClock "0:00:10"]
[BlackClock "0:00:36"]

1. e4 e5 2. Nf3 Nf6 3. Nxe5 d6 4. Nf3 Nxe4 5. c4 Nc6 6. d4 d5 7. Bd3 Bb4+ 8. Nbd2 O-O 9. O-O Nxd2 10. Bxd2 Bxd2 11. Qxd2 Bg4 12. Ng5 h6 13. h3 Bh5 14. cxd5 Qxd5 15. Nh7 Rfd8 16. Nf6+ gxf6 17. Qxh6 Qg5 18. Qh7+ Kf8 19. Rfe1 Ne7 20. Qh8+ Ng8 21. Re3 Qh6 22. Qxh6+ Nxh6 23. Re4 Bg6 24. Rh4 Bxd3 25. Rxh6 Kg7 0-1


[Site "https://www.chess.com"]

[Event "Titled Tuesday Blitz February 21 Early 2023"]
[White "Manukyan, Artyom"]
[Black "Melikhov, Evgeny V."]
[WhiteFideId "13305786"]
[BlackFideId "4122046"]
[WhiteElo "2110"]
[BlackElo "2269"]
[Result "1-0"]
[Round "06"]
[TimeControl "180+2"]
[Date "2023.02.21"]
[WhiteClock "0:01:14"]
[BlackClock "0:00:15"]

1. Nf3 f5 2. d3 d6 3. e4 e5 4. Nc3 c5 5. g3 Nc6 6. Bg2 Nf6 7. O-O Be7 8. Bg5 Be6 9. Nd2 Qd7 10. f4 O-O-O 11. Nd5 Bxd5 12. exd5 Nd4 13. c3 Nb5 14. a4 Nc7 15. fxe5 Nfxd5 16. Bxe7 Qxe7 17. exd6 Qxd6 18. Qb3 g6 19. a5 a6 20. Nc4 Qd7 21. Rae1 Kb8 22. Nb6 Qb5 23. Qxb5 axb5 24. Re5 Nxb6 25. axb6 Na8 26. Re7 1-0


[Site "https://www.chess.com"]

[Event "Titled Tuesday Blitz February 21 Early 2023"]
[White "Rios Escobar, Adan"]
[Black "Bethke, Richard"]
[WhiteFideId "3403645"]
[BlackFideId "12959243"]
[WhiteElo "2234"]
[BlackElo "2382"]
[Result "1-0"]
[Round "06"]
[TimeControl "180+2"]
[Date "2023.02.21"]
[WhiteClock "0:00:20"]
[BlackClock "0:00:09"]

1. d4 Nf6 2. g3 e6 3. c4 d5 4. Bg2 Be7 5. Nf3 O-O 6. O-O c6 7. Qc2 Nbd7 8. Nbd2 b6 9. e4 Bb7 10. e5 Ne8 11. cxd5 cxd5 12. Rd1 Rc8 13. Qd3 Nc7 14. Ne1 f6 15. exf6 Bxf6 16. Ndf3 e5 17. dxe5 Nxe5 18. Nxe5 Bxe5 19. Nf3 Bf6 20. Be3 Bxb2 21. Rab1 Bf6 22. Nd4 Qe8 23. Qb3 Rd8 24. Rbc1 Qf7 25. Nc6 Rd6 26. Nxa7 Ra8 27. Bxb6 Bd8 28. a4 Ne6 29. a5 Bxb6 30. axb6 d4 31. Rc7 Nxc7 32. Qxf7+ Kxf7 33. Bxb7 Rxb6 34. Bxa8 Nxa8 35. Rxd4 Ke6 36. Nc8 Rc6 37. Na7 Rc5 38. Rd8 Nb6 39. Rg8 Kf7 40. Rb8 Nc4 41. Rc8 Rxc8 42. Nxc8 Ke6 43. Na7 Nd6 44. Nc6 Kd5 45. Nb4+ Kc4 46. Nc2 Kd3 47. Ne3 Ne4 48. Kg2 Ke2 49. Ng4 h5 50. f3 Nd2 51. Ne5 g5 52. f4 g4 53. f5 Ne4 54. Nd7 Ke3 55. f6 Ng5 56. Ne5 Ke4 57. f7 Nh7 58. Ng6 Kf5 59. f8=Q+ Nxf8 60. Nxf8 Kg5 61. Nd7 h4 62. Ne5 hxg3 63. hxg3 Kf5 64. Nd3 Ke4 65. Nf2+ Kf5 66. Kf1 Kg5 67. Ke2 Kf5 68. Ke3 Ke5 69. Nxg4+ Kf5 70. Nf2 Kg5 71. Kf3 Kf5 72. g4+ Kg5 73. Kg3 Kg6 74. Kf4 Kh6 75. g5+ Kg6 76. Kg4 Kh7 77. Kf5 Kg7 78. g6 Kg8 79. Kf6 Kh8 80. Ng4 Kg8 81. Nh6+ Kh8 82. g7+ Kh7 83. g8=Q+ 1-0


[Site "https://www.chess.com"]

[Event "Titled Tuesday Blitz February 21 Early 2023"]
[White "Ilinca Ilinca, Felix Antonio"]
[Black "Todev, Simeon"]
[WhiteFideId "54764998"]
[BlackFideId "2925133"]
[WhiteElo "2266"]
[BlackElo "2033"]
[Result "1/2-1/2"]
[Round "06"]
[TimeControl "180+2"]
[Date "2023.02.21"]
[WhiteClock "0:00:21"]
[BlackClock "0:00:04"]

1. e4 g6 2. d4 Bg7 3. h4 d5 4. e5 c5 5. Nc3 cxd4 6. Qxd4 Nc6 7. Bb5 e6 8. h5 Bd7 9. Bxc6 bxc6 10. hxg6 fxg6 11. Na4 Qc7 12. Nf3 Ne7 13. Nc5 Nf5 14. Qc3 d4 15. Qc4 Bxe5 16. Nxe6 Qd6 17. Nc5 Bf6 18. Bd2 Be7 19. Bb4 Rb8 20. Ba3 Qd5 21. Qxd5 cxd5 22. O-O-O Bc8 23. Rhe1 O-O 24. g4 Ne3 25. fxe3 Rxf3 26. exd4 Bg5+ 27. Kb1 Bxg4 28. Rd3 Rxd3 29. Nxd3 Bf5 30. Ne5 Rc8 31. Re2 Bf6 32. Bc5 Bxe5 33. Rxe5 Rc7 34. Kc1 Rd7 35. c3 h5 36. Re8+ Kh7 37. Be7 Kg7 38. Bg5 Kh7 39. Bf6 g5 40. Bxg5 Kg6 41. Bh4 Be4 42. Kd2 Rf7 43. Re6+ Kf5 44. Rh6 Kg4 45. Bd8 Rf2+ 46. Ke3 Rxb2 47. Rh8 Rc2 48. Rg8+ Kh3 49. Kf4 Rxc3 50. Rg5 Rf3+ 51. Ke5 Rg3 52. Rxh5+ Kg2 53. a4 Ra3 54. Rg5+ Kf3 55. a5 Rb3 56. Rg7 Rb8 57. Bf6 Re8+ 58. Kd6 Rf8 59. Be5 a6 60. Ra7 Bd3 61. Kxd5 Rd8+ 62. Kc5 Rc8+ 63. Kb6 Rc3 64. d5 Rb3+ 65. Kc6 Ke4 66. Bd6 Rc3+ 67. Bc5 Bb5+ 68. Kb6 Kxd5 69. Bf8 Rc6+ 70. Kb7 Rf6 71. Be7 Rf7 72. Kc8 Bc6 73. Kd8 Rh7 74. Rxa6 Rh8+ 75. Kc7 Rh7 76. Rxc6 Rxe7+ 77. Kb6 Re1 78. Rc5+ Kd6 79. Rb5 Re8 80. a6 Rb8+ 81. Ka5 Rxb5+ 82. Kxb5 Kc7 83. Kc5 Kb8 84. Kb6 Ka8 85. a7 1/2-1/2


[Site "https://www.chess.com"]

[Event "Titled Tuesday Blitz February 21 Early 2023"]
[White "Lorenzo De La Riva, Lazaro"]
[Black "Womacka, Mathias"]
[WhiteFideId "2268809"]
[BlackFideId "4611390"]
[WhiteElo "2404"]
[BlackElo "2396"]
[Result "0-1"]
[Round "06"]
[TimeControl "180+2"]
[Date "2023.02.21"]
[WhiteClock "0:00:05"]
[BlackClock "0:00:34"]

1. d4 Nf6 2. Nc3 d5 3. Bf4 a6 4. Nf3 e6 5. e3 c5 6. a3 Nc6 7. h4 Bd6 8. g3 O-O 9. h5 h6 10. Bd3 Qe7 11. Ne5 cxd4 12. Nxc6 bxc6 13. exd4 e5 14. dxe5 Bxe5 15. Bxe5 Qxe5+ 16. Qe2 Re8 17. Qxe5 Rxe5+ 18. Kd2 Bg4 19. Rhe1 Rxe1 20. Rxe1 Kf8 21. Na4 Bxh5 22. Nc5 a5 23. a4 Bg4 24. c3 g5 25. b4 d4 26. b5 dxc3+ 27. Kxc3 cxb5 28. axb5 Rc8 29. Kd4 Rd8+ 30. Kc4 Nd5 31. Na4 Be6 32. Kc5 Ke7 33. b6 Nxb6 34. Nxb6 Rxd3 35. Re2 Kf6 36. Kb5 h5 37. Kxa5 h4 38. gxh4 gxh4 39. Na4 Rd5+ 40. Kb4 Rd4+ 41. Ka3 h3 42. f3 Rd3+ 43. Kb4 Rxf3 44. Nc3 Kf5 45. Kc5 Rxc3+ 0-1


[Site "https://www.chess.com"]

[Event "Titled Tuesday Blitz February 21 Early 2023"]
[White "Golubev, Mikhail"]
[Black "Novikova, Galina"]
[WhiteFideId "14100983"]
[BlackFideId "4157095"]
[WhiteElo "2461"]
[BlackElo "2073"]
[Result "1-0"]
[Round "06"]
[TimeControl "180+2"]
[Date "2023.02.21"]
[WhiteClock "0:01:45"]
[BlackClock "0:00:54"]

1. e4 e6 2. d4 d5 3. Nc3 Bb4 4. e5 c5 5. a3 Bxc3+ 6. bxc3 Ne7 7. a4 b6 8. Bb5+ Bd7 9. Bd3 Bc6 10. Nf3 Nd7 11. O-O Rc8 12. Ng5 Ng6 13. Qh5 Ndf8 14. f4 h6 15. Nxf7 Kxf7 16. f5 Ke7 17. fxg6 Be8 18. Bg5+ hxg5 19. Qxh8 Kd7 20. Qxg7+ Kc6 21. Bb5# 1-0


[Site "https://www.chess.com"]

[Event "Titled Tuesday Blitz February 21 Early 2023"]
[White "Dauner, Benedikt"]
[Black "Tsyhanchuk, Stanislav"]
[WhiteFideId "16225899"]
[BlackFideId "13505130"]
[WhiteElo "2400"]
[BlackElo "2273"]
[Result "1-0"]
[Round "06"]
[TimeControl "180+2"]
[Date "2023.02.21"]
[WhiteClock "0:00:15"]
[BlackClock "0:00:06"]

1. e4 c5 2. Nf3 d6 3. d4 cxd4 4. Nxd4 Nf6 5. Nc3 a6 6. a3 e5 7. Nf5 d5 8. Bg5 d4 9. Bxf6 gxf6 10. Nb1 Bxf5 11. exf5 Nc6 12. Bd3 h5 13. Nd2 h4 14. O-O h3 15. g3 Bh6 16. Ne4 Bg5 17. b4 Qd5 18. Qf3 O-O-O 19. Rfb1 Na7 20. a4 Kb8 21. b5 a5 22. b6 Nc8 23. Rb5 Qc6 24. Rab1 Nd6 25. Rxa5 Nxe4 26. Bxe4 Qc3 27. Ra7 Rd7 28. a5 Qxf3 29. Bxf3 Re8 30. Be4 Rc8 31. a6 Rc5 32. Ra1 Rdd5 33. Rxb7+ Kc8 34. Rxf7 Rb5 35. a7 Rxb6 36. a8=Q+ Rb8 37. Qc6+ Kd8 38. Qxd5+ Ke8 39. Qe6+ Kd8 40. Rd7+ Kc8 41. Bb7+ Rxb7 42. Ra8+ Rb8 43. Qe8# 1-0


[Site "https://www.chess.com"]

[Event "Titled Tuesday Blitz February 21 Early 2023"]
[White "Smith, Garrett L"]
[Black "Buchenau, Frank"]
[WhiteFideId "2024829"]
[BlackFideId "4604350"]
[WhiteElo "2047"]
[BlackElo "2222"]
[Result "1-0"]
[Round "06"]
[TimeControl "180+2"]
[Date "2023.02.21"]
[WhiteClock "0:00:49"]
[BlackClock "0:00:12"]

1. e4 c6 2. d4 d5 3. e5 Bf5 4. Nd2 e6 5. Nb3 Nd7 6. Nf3 h6 7. Be2 Ne7 8. O-O c5 9. c4 cxd4 10. Nbxd4 Bh7 11. Qa4 Nc8 12. cxd5 Nb6 13. Qb3 exd5 14. e6 fxe6 15. Nxe6 Qc8 16. Re1 Kf7 17. Bb5 Bd6 18. Bd2 Re8 19. Rac1 Qb8 20. Bxd7 Nxd7 21. Qxd5 Nf6 22. Nd8+ Kg6 23. Nh4# 1-0


[Site "https://www.chess.com"]

[Event "Titled Tuesday Blitz February 21 Early 2023"]
[White "Erzhanov, Arman"]
[Black "Sovetbekova, Nurai"]
[WhiteFideId "4138821"]
[BlackFideId "13801910"]
[WhiteElo "2228"]
[BlackElo "1764"]
[Result "1-0"]
[Round "06"]
[TimeControl "180+2"]
[Date "2023.02.21"]
[WhiteClock "0:00:10"]
[BlackClock "0:00:03"]

1. e4 c5 2. Nf3 d6 3. Bb5+ Nd7 4. d4 cxd4 5. Qxd4 Nf6 6. O-O e5 7. Qd3 h6 8. c4 Be7 9. Nc3 O-O 10. Bxd7 Bxd7 11. b3 Ne8 12. Nd5 f5 13. Nd2 Nc7 14. Nxe7+ Qxe7 15. Ba3 Rf6 16. exf5 Bxf5 17. Ne4 Bxe4 18. Qxe4 Ne6 19. Rad1 Nc5 20. Bxc5 dxc5 21. Rd5 Re8 22. Rfd1 Rf4 23. Qg6 Rd4 24. Re1 Rxd5 25. cxd5 Rd8 26. Qe4 Qd6 27. Rd1 Rf8 28. Re1 Rd8 29. Rd1 Rf8 30. Qa4 Qf6 31. Rd2 Qg5 32. Qa5 b6 33. Qc3 Rd8 34. d6 Qf6 35. Qc4+ Qf7 36. Qe4 Qe6 37. Qc6 Kf7 38. Rd3 Rd7 39. Rf3+ Kg8 40. Rd3 e4 41. Rd1 e3 42. fxe3 Qxe3+ 43. Kh1 Qe2 44. Qd5+ Kh8 45. h3 Qe8 46. Qd2 Qd8 47. Qf4 b5 48. Qe5 c4 49. bxc4 bxc4 50. Rd4 c3 51. Qc5 c2 52. Qxc2 Rxd6 53. Rxd6 Qxd6 54. Qc8+ Kh7 55. Qf5+ Kg8 56. Qc2 Qe6 57. Qb2 Qe1+ 58. Kh2 Qe7 59. Qb8+ Kh7 60. Qf4 Qd7 61. Qe4+ Kg8 62. Qe5 Kf7 63. a3 Qb7 64. Qf5+ Kg8 65. Qe6+ Kf8 66. Qd6+ Qe7 67. Qf4+ Qf7 68. Qb8+ Qe8 69. Qxa7 Qe5+ 70. Kg1 Qe1+ 71. Kh2 Qe5+ 72. Kh1 Qe1+ 73. Qg1 Qa5 74. Qf1+ Ke7 75. Qe2+ Kf6 76. Qf3+ Kg5 77. Kh2 Qe5+ 78. Qg3+ 1-0


[Site "https://www.chess.com"]

[Event "Titled Tuesday Blitz February 21 Early 2023"]
[White "Zhukova, Natalia"]
[Black "Deev, Andrei"]
[WhiteFideId "14101513"]
[BlackFideId "4102690"]
[WhiteElo "2324"]
[BlackElo "2390"]
[Result "1-0"]
[Round "06"]
[TimeControl "180+2"]
[Date "2023.02.21"]
[WhiteClock "0:00:04"]
[BlackClock "0:00:04"]

1. c4 d6 2. Nc3 e5 3. Nf3 f5 4. g3 Nf6 5. d4 e4 6. Ng5 Be7 7. Bg2 O-O 8. O-O Ng4 9. Nh3 Nc6 10. Nd5 Bf6 11. Nxf6+ Qxf6 12. f3 exf3 13. exf3 Nh6 14. Be3 f4 15. Nxf4 Nf5 16. Nd5 Qf7 17. Bf2 Be6 18. Nxc7 Bxc4 19. Nxa8 Bxf1 20. Bxf1 Rxa8 21. Rc1 Kh8 22. Bc4 Qf6 23. Bd5 Nfxd4 24. Bxd4 Nxd4 25. Bxb7 Rb8 26. b3 h5 27. Be4 Rf8 28. f4 g6 29. Rc4 Nf5 30. Bxf5 Qxf5 31. Qxd6 Qb1+ 32. Kg2 Qf5 33. Qd4+ Kg8 34. Rc7 Rf7 35. Qc4 1-0


[Site "https://www.chess.com"]

[Event "Titled Tuesday Blitz February 21 Early 2023"]
[White "Gharamian, Tigran"]
[Black "Sanchez, Robert"]
[WhiteFideId "13301527"]
[BlackFideId "2034360"]
[WhiteElo "2601"]
[BlackElo "1966"]
[Result "1-0"]
[Round "06"]
[TimeControl "180+2"]
[Date "2023.02.21"]
[WhiteClock "0:00:04"]
[BlackClock "0:00:13"]

1. d4 Nf6 2. c4 e6 3. Nf3 Bb4+ 4. Nbd2 b6 5. g3 Bb7 6. Bg2 O-O 7. O-O Be7 8. Qc2 d5 9. Ne5 Nbd7 10. Rd1 c5 11. Nxd7 Qxd7 12. dxc5 Bxc5 13. Ne4 Nxe4 14. Bxe4 f5 15. Bf3 Rac8 16. Bf4 Qe7 17. Qa4 e5 18. cxd5 exf4 19. d6 Bxf2+ 20. Kf1 Qe3 21. Bxb7 Rce8 22. Qb3+ Qxb3 23. axb3 fxg3 24. d7 Rd8 25. hxg3 Bxg3 26. Rxa7 Kf7 27. Bc8 h5 28. Rb7 h4 29. Kg2 Be5 30. Rxb6 g5 31. Rb5 Bf6 32. Rxf5 Kg6 33. Rdf1 g4 34. e4 h3+ 35. Kg3 Be7 36. Rxf8 Bxf8 37. Kxg4 h2 38. Rh1 Bd6 39. Kf3 Kf6 40. Kg2 Ke6 41. Rd1 Be5 42. Rd5 Bxb2 43. Kxh2 Be5+ 44. Kg2 Rf8 45. b4 Rd8 46. b5 Bb8 47. b6 Ke7 48. b7 Ke6 49. Kf3 Ke7 50. Ke2 Ke6 51. Kd3 Ke7 52. Kc4 Ke6 53. Kc5 Ke7 54. Kc6 Ke6 55. Ra5 Ke7 56. Rh5 Bf4 57. Rh7+ Ke6 58. Rh4 Be5 59. Rh5 Ke7 60. Rxe5+ 1-0


[Site "https://www.chess.com"]

[Event "Titled Tuesday Blitz February 21 Early 2023"]
[White "Guzman Moneo, Alberto"]
[Black "Mazurkiewicz, Michal"]
[WhiteFideId "2209616"]
[BlackFideId "1124943"]
[WhiteElo "2170"]
[BlackElo "2145"]
[Result "1/2-1/2"]
[Round "06"]
[TimeControl "180+2"]
[Date "2023.02.21"]
[WhiteClock "0:00:29"]
[BlackClock "0:00:10"]

1. e4 d6 2. d4 Nf6 3. Nc3 c6 4. Nf3 Bg4 5. Be2 e6 6. h3 Bh5 7. Be3 d5 8. e5 Nfd7 9. Qd2 c5 10. dxc5 Nc6 11. Nd4 Bxe2 12. Qxe2 Ndxe5 13. Qb5 Qd7 14. O-O-O Rc8 15. Rhe1 Be7 16. Bf4 Ng6 17. Bd6 Bxd6 18. cxd6 Nxd4 19. Rxd4 Qxb5 20. Nxb5 a6 21. Nc3 O-O 22. f4 Rfd8 23. g4 Rxd6 24. f5 Ne7 25. a4 Nc6 26. Rd2 Nb4 27. Kb1 Rdc6 28. g5 exf5 29. Nxd5 Nxd5 30. Rxd5 g6 31. Rd7 R6c7 32. Ree7 Rxd7 33. Rxd7 f4 34. Rd4 Rc5 35. Rxf4 Rxg5 36. Rb4 b5 37. c4 bxc4 38. Rxc4 f5 39. Rc6 f4 40. Rf6 Rf5 41. Rxf5 gxf5 42. Kc2 Kf7 43. b4 Ke6 44. Kd3 Kd5 45. Ke2 Kc4 46. b5 axb5 47. axb5 Kxb5 48. Kf3 Kc5 49. Kxf4 Kd5 50. Kxf5 Kd6 51. Kf6 Kd7 52. Kf7 Kd6 53. h4 Ke5 54. h5 Kf5 55. h6 Ke5 56. Kg7 Ke6 57. Kxh7 Kf7 58. Kh8 Kf8 59. Kh7 Kf7 60. Kh8 Kf8 61. Kh7 Kf7 1/2-1/2


[Site "https://www.chess.com"]

[Event "Titled Tuesday Blitz February 21 Early 2023"]
[White "Orujov, Elshad"]
[Black "Goltseva, Ekaterina"]
[WhiteFideId "13403540"]
[BlackFideId "24173770"]
[WhiteElo "2304"]
[BlackElo "2283"]
[Result "1/2-1/2"]
[Round "06"]
[TimeControl "180+2"]
[Date "2023.02.21"]
[WhiteClock "0:00:16"]
[BlackClock "0:00:07"]

1. e4 e6 2. d4 d5 3. Nd2 c5 4. exd5 Qxd5 5. Ngf3 cxd4 6. g3 Nc6 7. Bg2 Nf6 8. O-O Be7 9. Nb3 d3 10. Nfd4 Qd6 11. Nxc6 bxc6 12. cxd3 O-O 13. Be3 Rd8 14. Bc5 Qc7 15. Bxe7 Qxe7 16. Bxc6 Rb8 17. Bf3 Ba6 18. Be2 e5 19. Re1 e4 20. Qc1 Bxd3 21. Bxd3 Rxd3 22. Nc5 Rd5 23. Qf4 Rxb2 24. Nxe4 Nxe4 25. Rxe4 Qd7 26. Rae1 h6 27. Re8+ Kh7 28. R8e7 Qf5 29. Rxf7 Qxf4 30. gxf4 Rdd2 31. Ree7 Rxf2 32. Rxg7+ Kh8 33. Rxa7 Rfd2 34. Kh1 Rxh2+ 35. Kg1 Rhd2 36. Kh1 Rxa2 37. Rh7+ Kg8 38. Rxa2 Rxa2 39. Rxh6 Rf2 40. Rh4 Kg7 41. Kg1 Rc2 42. Rh2 Rxh2 43. Kxh2 Kg6 44. Kg3 Kf5 45. Kf3 Kf6 46. Kg4 Kg6 47. f5+ Kf6 48. Kf4 Kf7 49. Kg5 Kg7 50. f6+ Kf7 51. Kf5 Kf8 52. Kg6 Kg8 53. Kf5 Kf7 54. Ke5 Kf8 55. Ke6 Ke8 56. f7+ Kf8 57. Kf6 1/2-1/2


[Site "https://www.chess.com"]

[Event "Titled Tuesday Blitz February 21 Early 2023"]
[White "MunichMouse"]
[Black "Guliev, Logman"]
[BlackFideId "13400061"]
[WhiteElo "2296"]
[BlackElo "2250"]
[Result "1-0"]
[Round "06"]
[TimeControl "180+2"]
[Date "2023.02.21"]
[WhiteClock "0:00:10"]
[BlackClock "0:00:01"]

1. d4 Nf6 2. c4 e6 3. Nf3 Bb4+ 4. Bd2 c5 5. dxc5 Bxc5 6. e3 O-O 7. Nc3 Nc6 8. Bd3 b6 9. a3 Bb7 10. b4 Be7 11. O-O d5 12. Qe2 Rc8 13. Rac1 Bd6 14. Rfd1 Qe7 15. cxd5 exd5 16. h3 Bb8 17. Nb5 Ne4 18. Nbd4 Ne5 19. Ba6 Rxc1 20. Rxc1 Nxf3+ 21. Nxf3 Ba8 22. Qd3 h6 23. Rc2 Re8 24. Bc1 Qd6 25. Bb2 Ng5 26. Nxg5 Qh2+ 27. Kf1 hxg5 28. Qf5 d4 29. Rc8 Qxg2+ 30. Ke2 d3+ 31. Kd2 Rxc8 32. Qxc8+ Kh7 33. Bxd3+ Be4 34. Bxe4+ Qxe4 35. Qxb8 Qd5+ 36. Bd4 Qa2+ 37. Kd3 Qb1+ 38. Ke2 Qc2+ 39. Kf3 g4+ 40. Kg3 gxh3 41. Qf4 f6 42. Qh4+ Kg8 43. Qxh3 Qd3 44. Qe6+ Kh7 45. Qg4 Kg8 46. Qf4 Qf1 47. Qb8+ Kh7 48. Qf4 Qg1+ 49. Kf3 Qd1+ 50. Kg3 Qg1+ 51. Kf3 Qd1+ 52. Kg2 Kg8 53. Qh2 Qg4+ 54. Qg3 Qd1 55. Qf3 Qb3 56. Qe4 Qxa3 57. Qg6 1-0


[Site "https://www.chess.com"]

[Event "Titled Tuesday Blitz February 21 Early 2023"]
[White "Andreev, Konstantin"]
[Black "Jenkins, Drake"]
[WhiteFideId "24239305"]
[BlackFideId "2022397"]
[WhiteElo "2195"]
[BlackElo "2130"]
[Result "0-1"]
[Round "06"]
[TimeControl "180+2"]
[Date "2023.02.21"]
[WhiteClock "0:01:53"]
[BlackClock "0:00:14"]

1. e4 c6 2. d3 d5 3. exd5 cxd5 4. Nf3 Nc6 5. g3 e5 6. Bg2 g6 7. O-O Bg7 8. Re1 Nge7 9. Bg5 h6 10. Be3 O-O 11. Qd2 Nf5 12. Bc5 Re8 13. c3 b6 14. Ba3 Bb7 15. Qe2 e4 16. Nbd2 exf3 17. Qxf3 Ne5 18. Qf4 Nxd3 19. Rxe8+ Qxe8 20. Qc7 Qc6 21. Qxc6 Bxc6 22. c4 Rd8 23. Rd1 Bxb2 24. Nb1 Bxa3 25. Rxd3 Bc5 26. cxd5 Bb5 27. Rd1 Nd4 28. Nc3 Bc4 29. h4 b5 30. Ne4 Bb6 31. d6 Bxa2 32. d7 Kg7 33. Bh3 f5 34. Nd6 Rxd7 35. Nxb5 Nf3+ 0-1


[Site "https://www.chess.com"]

[Event "Titled Tuesday Blitz February 21 Early 2023"]
[White "Bon, Michael"]
[Black "Thiel, Thomas"]
[WhiteFideId "620696"]
[BlackFideId "4615964"]
[WhiteElo "2394"]
[BlackElo "2234"]
[Result "1-0"]
[Round "06"]
[TimeControl "180+2"]
[Date "2023.02.21"]
[WhiteClock "0:00:17"]
[BlackClock "0:00:16"]

1. e4 d5 2. exd5 Nf6 3. d4 Nxd5 4. c4 Nb6 5. Nf3 g6 6. Nc3 Bg7 7. h3 O-O 8. Be3 Nc6 9. Be2 e5 10. d5 Ne7 11. a4 Nf5 12. Bc5 Re8 13. O-O Nd7 14. Be3 Nxe3 15. fxe3 f5 16. a5 e4 17. Nd4 Qg5 18. Qd2 Nc5 19. Ra3 Bf8 20. Ndb5 Na6 21. Raa1 Bc5 22. Nd4 Bd7 23. Kh1 Rad8 24. Na4 Bxa4 25. Rxa4 Bf8 26. b4 Qg3 27. c5 1-0


[Site "https://www.chess.com"]

[Event "Titled Tuesday Blitz February 21 Early 2023"]
[White "Zaksaite, Salomeja"]
[Black "QuiesPrecatio"]
[WhiteFideId "12801496"]
[WhiteElo "2283"]
[BlackElo "2417"]
[Result "1-0"]
[Round "06"]
[TimeControl "180+2"]
[Date "2023.02.21"]
[WhiteClock "0:00:12"]
[BlackClock "0:00:43"]

1. d4 Nf6 2. Nc3 d5 3. Bf4 a6 4. e3 c5 5. dxc5 Nc6 6. Nf3 Bg4 7. Be2 e6 8. a3 Bxc5 9. O-O O-O 10. Ne5 Bxe2 11. Qxe2 Rc8 12. Nxc6 Rxc6 13. e4 dxe4 14. Nxe4 Nxe4 15. Qxe4 Qd4 16. Qxd4 Bxd4 17. c3 Bf6 18. Rad1 b5 19. Rd7 a5 20. Rb7 b4 21. axb4 axb4 22. Rxb4 Rfc8 23. h3 g5 24. Be3 Rc4 25. Rxc4 Rxc4 26. Ra1 h6 27. Kf1 Rc7 28. Ra7 Rc8 29. Rb7 Kg7 30. Ke2 Kg6 31. Kd3 Be5 32. Bd2 Rd8+ 33. Kc2 f5 34. c4 Bd4 35. f3 e5 36. b4 e4 37. fxe4 fxe4 38. Re7 Kf5 39. g4+ Kf6 40. Rxe4 Be5 41. c5 Rd4 42. Rxe5 1-0


[Site "https://www.chess.com"]

[Event "Titled Tuesday Blitz February 21 Early 2023"]
[White "Bas Mas, Jose Joaquin"]
[Black "Cramling Bellon, Anna"]
[WhiteFideId "22219064"]
[BlackFideId "32009232"]
[WhiteElo "2197"]
[BlackElo "2043"]
[Result "0-1"]
[Round "06"]
[TimeControl "180+2"]
[Date "2023.02.21"]
[WhiteClock "0:00:14"]
[BlackClock "0:00:02"]

1. e4 c5 2. Nc3 Nc6 3. Bb5 Nd4 4. Nf3 Nxb5 5. Nxb5 a6 6. Nc3 d6 7. d4 cxd4 8. Qxd4 Nf6 9. Bg5 e5 10. Qd3 Be6 11. O-O-O Qa5 12. Kb1 O-O-O 13. Qe3 Kb8 14. Bxf6 gxf6 15. Nd5 f5 16. Ng5 Bh6 17. h4 f6 18. Nxe6 Bxe3 19. Nxe3 Rd7 20. Nxf5 d5 21. Rh3 dxe4 22. Rc1 Qd5 23. Neg7 Rg8 24. Ne3 Qd2 25. Ngf5 Qxf2 26. b3 Rd2 27. Kb2 Re2 28. Rf1 Rxc2+ 29. Nxc2 Qxf1 30. Nfe3 Qb5 31. g4 Qc5 32. Rh2 Rc8 33. Rf2 Qc3+ 34. Kb1 Rc6 35. g5 fxg5 36. hxg5 a5 37. Rf7 a4 38. b4 a3 39. Nxa3 Qc1# 0-1


[Site "https://www.chess.com"]

[Event "Titled Tuesday Blitz February 21 Early 2023"]
[White "UNSTOPPABLE_LEGEND"]
[Black "Rose, Felix"]
[BlackFideId "5105722"]
[WhiteElo "2437"]
[BlackElo "2091"]
[Result "1-0"]
[Round "06"]
[TimeControl "180+2"]
[Date "2023.02.21"]
[WhiteClock "0:00:08"]
[BlackClock "0:00:02"]

1. c4 e6 2. Nc3 d5 3. d4 Nf6 4. cxd5 exd5 5. Bg5 c6 6. e3 Be7 7. Bd3 Nbd7 8. Nf3 h6 9. Bf4 Nh5 10. O-O O-O 11. Qc2 Ndf6 12. Be5 Ng4 13. Rae1 Nxe5 14. Nxe5 Nf6 15. f4 Bd6 16. Kh1 Re8 17. Rg1 Ng4 18. h3 Qh4 19. Ref1 Nxe3 20. Bh7+ Kf8 21. Qe2 Nxf1 22. Rxf1 Qf6 23. Qh5 Bxe5 24. dxe5 g6 25. Qxh6+ Qg7 26. Qh4 Bf5 27. Kh2 Rad8 28. g4 Bc8 29. Ne2 d4 30. Ng3 d3 31. Ne4 d2 32. Rd1 Rd3 33. Nf6 Red8 34. Qf2 g5 35. Qc5+ R3d6 36. Rxd2 b6 37. Rxd6 bxc5 38. Rxd8+ Ke7 39. Re8# 1-0


[Site "https://www.chess.com"]

[Event "Titled Tuesday Blitz February 21 Early 2023"]
[White "Andrews, Todd"]
[Black "lisjakzlatko1"]
[WhiteFideId "2012456"]
[WhiteElo "2220"]
[BlackElo "2162"]
[Result "1-0"]
[Round "06"]
[TimeControl "180+2"]
[Date "2023.02.21"]
[WhiteClock "0:00:53"]
[BlackClock "0:00:09"]

1. e4 d6 2. d4 Nf6 3. Nc3 c6 4. f4 Qa5 5. Bd3 e5 6. Nf3 Bg4 7. dxe5 dxe5 8. O-O Nbd7 9. Kh1 Be7 10. f5 O-O 11. a3 b5 12. Qe1 Bxf3 13. Rxf3 Rfe8 14. Bd2 Qc7 15. Rh3 a6 16. Qg3 c5 17. Bh6 Bf8 18. Qg5 Kh8 19. Bxg7+ Bxg7 20. Nd5 Qd6 21. Rd1 c4 22. Be2 Nxe4 23. Qh4 Ndf6 24. Nxf6 Qxf6 25. Qxh7# 1-0


[Site "https://www.chess.com"]